[Event "Monday 23 April Rapid Engine Tour 12+1 Rounds 9 Starts 1600ST"]
[Site "Infinity Chess"]
[Date "2018.4.23"]
[Round "1"]
[White "Eman"]
[Black "Vimtiroba"]
[Result "1/2-1/2"]
[ECO "D31"]
[WhiteElo "2483"]
[BlackElo "2432"]
[WhiteEngine "Eman 1.70-beta24 64-bit POPCNT"]
[BlackEngine "AsmFish A10_CTG"]
[EventType "Swiss"]
[WhiteTeam ""]
[BlackTeam ""]
[PlyCount "103"]
[TimeControl "720+1"]

1. d4 d5 2. c4 e6 3. Nc3 c6 4. e4 dxe4 5. Nxe4 Bb4+ 6. Nc3 c5 7. a3 Ba5 
8. Nf3 Nf6 9. Qd3 cxd4 10. Nxd4 O-O 11. b4 Bb6 12. c5 Bc7 13. Bg5 h6 14. Bh4 a5 
15. Rd1 axb4 16. axb4 g5 17. Bg3 Nc6 18. Nc2 Qxd3 19. Bxd3 Be5 20. Bxe5 Nxe5 
21. O-O b6 22. f4 gxf4 23. Rxf4 Kg7 24. Be4 Rb8 25. Na4 bxc5 26. Nxc5 Nfd7 
27. Nd4 Nxc5 28. bxc5 f5 29. Bb1 Ng4 30. Rf3 Kf6 31. c6 Rb4 32. Ne2 Ne5 
33. Rh3 Rc4 34. Rxh6+ Kg5 35. Rh3 Rxc6 36. Re3 Ng6 37. g3 Rb6 38. h4+ Kf6 
39. Bc2 Rf7 40. Ba4 Re7 41. Rd8 Ba6 42. Nd4 Rb1+ 43. Kf2 Rb2+ 44. Kg1 Bb7 
45. Bc6 Bxc6 46. Nxc6 Reb7 47. Nd4 Ne5 48. Rf8+ Ke7 49. Ra8 Kf6 50. Rf8+ Ke7 
51. Ra8 Kf6 52. Rf8+ 1/2-1/2

[Event "Monday 23 April Rapid Engine Tour 12+1 Rounds 9 Starts 1600ST"]
[Site "Infinity Chess"]
[Date "2018.4.23"]
[Round "1"]
[White "hafaba"]
[Black "Katzenmaier"]
[Result "1/2-1/2"]
[ECO "A80"]
[WhiteElo "2437"]
[BlackElo "2501"]
[WhiteEngine "Eman 1.70-beta21 64-bit POPCNT_CTG"]
[BlackEngine "Raubfisch X36d1"]
[EventType "Swiss"]
[WhiteTeam ""]
[BlackTeam ""]
[PlyCount "116"]
[TimeControl "720+1"]

1. d4 f5 2. Bf4 Nf6 3. e3 e6 4. a3 Be7 5. c4 O-O 6. Nc3 d6 7. Be2 Nc6 8. Bg3 e5 
9. Nf3 exd4 10. Nxd4 Nxd4 11. Qxd4 Be6 12. b4 Nd7 13. Rc1 Bf6 14. Qd2 Bxc3 
15. Rxc3 Nf6 16. f3 a5 17. O-O b6 18. Rcc1 Nd7 19. f4 Nf6 20. Bf3 Ra7 
21. Rfd1 axb4 22. axb4 Qe8 23. Qd4 Ra3 24. c5 dxc5 25. bxc5 b5 26. Bh4 Bc4 
27. Bxf6 Rxf6 28. Ra1 Rxa1 29. Rxa1 Rf8 30. c6 Qe7 31. Bd5+ Bxd5 32. Qxd5+ Kh8 
33. Qe5 Qxe5 34. fxe5 Kg8 35. Ra7 Rc8 36. e4 fxe4 37. Kf2 Kf7 38. Ke3 Ke6 
39. Kxe4 g5 40. Rb7 Rf8 41. Rxc7 Rf4+ 42. Kd3 Kxe5 43. Rxh7 Rd4+ 44. Ke3 Rc4 
45. Rb7 Rxc6 46. Rxb5+ Kf6 47. g4 Rc2 48. h3 Rc1 49. Rb3 Ra1 50. Kf2 Ra6 
51. Kg2 Ra1 52. Kf3 Rc1 53. Ra3 Kg7 54. Ke3 Rd1 55. Ra5 Kg6 56. Ke4 Re1+ 
57. Kf3 Rf1+ 58. Kg3 Rc1 1/2-1/2

[Event "Monday 23 April Rapid Engine Tour 12+1 Rounds 9 Starts 1600ST"]
[Site "Infinity Chess"]
[Date "2018.4.23"]
[Round "1"]
[White "KRAKEN"]
[Black "KhalidOmar"]
[Result "1-0"]
[ECO "D44"]
[WhiteElo "2515"]
[BlackElo "2446"]
[WhiteEngine "Raubfisch ME262_GTZ17b1_CTG"]
[BlackEngine "Eman 1.70-beta24 64-bit BMI2"]
[EventType "Swiss"]
[WhiteTeam ""]
[BlackTeam ""]
[PlyCount "173"]
[TimeControl "720+1"]

1. d4 d5 2. c4 e6 3. Nc3 Nf6 4. Nf3 c6 5. Bg5 dxc4 6. e4 b5 7. e5 h6 8. Bh4 g5 
9. Nxg5 hxg5 10. Bxg5 Nbd7 11. exf6 Bb7 12. g3 c5 13. d5 Nxf6 14. Bg2 Bh6 
15. Bxf6 Qxf6 16. O-O O-O-O 17. Nxb5 a6 18. Nc3 exd5 19. Na4 Bf8 20. Re1 Kb8 
21. Qc2 Rh6 22. Rab1 Bd6 23. b3 c3 24. Nxc3 Qh8 25. h4 Rg8 26. Ne2 Qe5 
27. Qb2 Qf5 28. b4 cxb4 29. Red1 Bc5 30. Nd4 Qf6 31. Rbc1 Rc8 32. Rxc5 Rxc5 
33. Qxb4 Rc4 34. Qb2 Qb6 35. Qe2 Ka7 36. Qe3 Rh8 37. Bf3 Rcc8 38. Qf4 f6 
39. Bg4 Rc3 40. Kg2 Ra3 41. Bd7 Rc3 42. Bg4 Re8 43. Bf5 Qc7 44. Qxc7 Rxc7 
45. g4 Bc8 46. h5 Kb6 47. Bg6 Rh8 48. Kg3 Kc5 49. Rc1+ Kd6 50. Rxc7 Kxc7 
51. f4 Kd6 52. g5 Kc5 53. Nb3+ Kd6 54. h6 a5 55. Nxa5 fxg5 56. fxg5 Be6 
57. Nb3 Ke5 58. Nd2 Kd6 59. Nf3 Ke7 60. Nd4 Bf7 61. Bd3 Kd6 62. Kg4 Kc5 
63. Nf3 Be6+ 64. Bf5 Kd6 65. Bxe6 Kxe6 66. Kh5 Rf8 67. Nd4+ Ke5 68. h7 Rc8 
69. g6 Kf6 70. Ne6 Rh8 71. Kh6 Ra8 72. Nc7 Rb8 73. Nxd5+ Ke5 74. g7 Rb1 
75. g8=Q Rh1+ 76. Kg7 Rg1+ 77. Kf7 Rxg8 78. hxg8=Q Kxd5 79. Qg4 Kd6 80. Qc4 Ke5 
81. Qd3 Kf4 82. Kf6 Kg4 83. a3 Kf4 84. Qe2 Kg3 85. Kg5 Kh3 86. Kf4 Kh4 87. Qh2# 
1-0

[Event "Monday 30 April Rapid Engine Tour 12+1 Rounds 9 Starts 1600ST"]
[Site "Infinity Chess"]
[Date "2018.4.30"]
[Round "9"]
[White "IronMan"]
[Black "Medusa"]
[Result "1/2-1/2"]
[ECO "E10"]
[WhiteElo "2362"]
[BlackElo "2436"]
[WhiteEngine "Eman 1.70-beta23 64-bit POPCNT"]
[BlackEngine "Eman 1.70-beta23 64-bit BMI2"]
[EventType "Swiss"]
[WhiteTeam ""]
[BlackTeam ""]
[PlyCount "98"]
[TimeControl "720+1"]

1. d4 Nf6 2. c4 e6 3. Nf3 d5 4. Nc3 c6 5. e3 Nbd7 6. Qc2 Bd6 7. Bd3 dxc4 
8. Bxc4 O-O 9. O-O b5 10. Bd3 Bb7 11. a3 Rc8 12. Rd1 c5 13. Bxb5 Qc7 
14. Qe2 Bxf3 15. Qxf3 Bxh2+ 16. Kf1 Bd6 17. Ba6 Rb8 18. Be2 cxd4 19. exd4 Qb7 
20. Qxb7 Rxb7 21. d5 Be5 22. dxe6 fxe6 23. Bc4 Kf7 24. Na4 Rc7 25. Ba2 Nc5 
26. Nxc5 Rxc5 27. Re1 Re8 28. g3 h5 29. Re2 Bd4 30. Bf4 g5 31. Bd6 Rc6 
32. Bb4 Nd5 33. Bxd5 exd5 34. Rxe8 Kxe8 35. Rd1 Bxb2 36. Rxd5 Bf6 37. Bd2 h4 
38. Kg2 hxg3 39. Kxg3 Bd8 40. Kg4 Rc4+ 41. Kh5 g4 42. Re5+ Kf7 43. Be3 Bb6 
44. Bxb6 axb6 45. Rb5 Rc3 46. Kxg4 Rxa3 47. Rxb6 Ra1 48. f4 Ra5 49. Rc6 Rb5 
1/2-1/2

[Event "Monday 30 April Rapid Engine Tour 12+1 Rounds 9 Starts 1600ST"]
[Site "Infinity Chess"]
[Date "2018.4.30"]
[Round "9"]
[White "Gilgamesch"]
[Black "hafaba"]
[Result "1/2-1/2"]
[ECO "B90"]
[WhiteElo "2499"]
[BlackElo "2421"]
[WhiteEngine "BrainFish_180408_x64_bmi2"]
[BlackEngine "Eman 1.70-beta21 64-bit POPCNT_CTG"]
[EventType "Swiss"]
[WhiteTeam ""]
[BlackTeam ""]
[PlyCount "145"]
[TimeControl "720+1"]

1. e4 c5 2. Nf3 d6 3. d4 cxd4 4. Nxd4 Nf6 5. Nc3 a6 6. Be3 e5 7. Nb3 Be6 
8. Be2 Be7 9. Qd3 O-O 10. O-O Nbd7 11. Nd5 Bxd5 12. exd5 Ne8 13. a4 Bg5 
14. a5 Rc8 15. c4 f5 16. f4 exf4 17. Bxf4 Bxf4 18. Rxf4 g6 19. Nd4 Ng7 
20. b4 Qg5 21. Rff1 Rfe8 22. Rad1 Nf6 23. c5 dxc5 24. bxc5 Rxc5 25. d6 Qe3+ 
26. Qxe3 Rxe3 27. Bf3 Nge8 28. Kf2 Ra3 29. Ne6 Rc2+ 30. Kg1 Nd7 31. Bd5 Kh8 
32. g4 Rxa5 33. g5 h6 34. Rf3 hxg5 35. Rh3+ Kg8 36. Nxg5+ Rxd5 37. Rxd5 Rc1+ 
38. Kg2 Rc2+ 39. Kf1 Nef6 40. Rd1 a5 41. Rb1 Rd2 42. Rxb7 Rxd6 43. Ra7 Rb6 
44. Rxa5 Rb1+ 45. Ke2 Rb2+ 46. Kd1 Rg2 47. Ne6 Ne4 48. Nf4 Rg4 49. Nd3 Rg2 
50. Nf4 Rg4 51. Nd3 Rg2 52. Ke1 Nf8 53. Ra7 Ng5 54. Rg3 Rxg3 55. hxg3 Ne4 
56. g4 fxg4 57. Ne5 g3 58. Kf1 g5 59. Ra4 Nd6 60. Nf3 Nh7 61. Ra8+ Kf7 
62. Ra5 Ne4 63. Ne1 Nhf6 64. Ke2 Kg6 65. Ng2 Kh6 66. Ne1 Kh5 67. Kf3 Kh4 
68. Ra4 Kh3 69. Rxe4 g4+ 70. Rxg4 Nxg4 71. Kf4 Nh6 72. Kf3 Kh2 73. Ng2 1/2-1/2

[Event "Monday 30 April Rapid Engine Tour 12+1 Rounds 9 Starts 1600ST"]
[Site "Infinity Chess"]
[Date "2018.4.30"]
[Round "9"]
[White "coreoptimist"]
[Black "angriff"]
[Result "1/2-1/2"]
[ECO "C55"]
[WhiteElo "2395"]
[BlackElo "2456"]
[WhiteEngine "asmFishW_2018-04-25_bmi2_CTG"]
[BlackEngine "DracoREX 3.07 64BIT POPCNT_CTG"]
[EventType "Swiss"]
[WhiteTeam ""]
[BlackTeam ""]
[PlyCount "176"]
[TimeControl "720+1"]

1. e4 e5 2. Nf3 Nc6 3. Bc4 Nf6 4. d3 Bc5 5. O-O d6 6. c3 a5 7. Re1 O-O 
8. Nbd2 h6 9. h3 Be6 10. Bb5 Qb8 11. Nf1 Qa7 12. Re2 a4 13. Ng3 Qa5 
14. Bxc6 bxc6 15. Nh4 Rfe8 16. Re1 d5 17. exd5 cxd5 18. Rxe5 Bf8 19. Qc2 c5 
20. Re1 Qd8 21. Nf3 Bd6 22. d4 Qc7 23. Be3 c4 24. Ne5 a3 25. bxa3 Rxa3 
26. Bc1 Ra6 27. Bd2 Rea8 28. Bf4 Ne8 29. Nf5 Bf8 30. a4 Nf6 31. f3 Qc8 
32. Ne3 Bd6 33. Ra2 Qe8 34. Nf5 Bc7 35. Bg3 Nh5 36. Bh2 Nf6 37. Kh1 Nd7 
38. Ne3 Nf6 39. Nf5 Nd7 40. Rea1 Nf8 41. Ng4 Bxh2 42. Kxh2 h5 43. Nge3 Bxf5 
44. Nxf5 g6 45. Nh4 Nh7 46. g3 Rf6 47. a5 Ng5 48. Qe2 Re6 49. Qf2 Rxa5 
50. Ng2 Rxa2 51. Rxa2 h4 52. Nxh4 Rf6 53. Re2 Re6 54. Rxe6 Qxe6 55. g4 Qb6 
56. Kg2 Ne6 57. Qe3 Qd6 58. Kf2 Qh2+ 59. Ng2 Qxh3 60. Qe5 Qh6 61. Qe1 Kf8 
62. Kg3 Qg5 63. Kf2 Ke8 64. Qe3 Qxe3+ 65. Kxe3 Nc7 66. Nf4 Ke7 67. Kd2 g5 
68. Ng2 Nb5 69. Ne3 Ke6 70. Nf5 Kd7 71. Kc2 Ke6 72. Ne3 f6 73. Kb2 Kd6 
74. Nf5+ Kc6 75. Ne7+ Kd6 76. Nf5+ Kd7 77. Kc2 Nc7 78. Ne3 Kd6 79. Nf5+ Kd7 
80. Ne3 Ke6 81. Kd1 Nb5 82. Kd2 Nc7 83. Kc2 Ke7 84. Kb2 Ke6 85. Kc1 Kd7 
86. Kd2 Ke6 87. Kc2 Kd6 88. Nf5+ Kd7 1/2-1/2

[Event "Monday 30 April Rapid Engine Tour 12+1 Rounds 9 Starts 1600ST"]
[Site "Infinity Chess"]
[Date "2018.4.30"]
[Round "9"]
[White "Thor"]
[Black "star99"]
[Result "1/2-1/2 "]
[ECO "A15"]
[WhiteElo "2461"]
[BlackElo "2442"]
[WhiteEngine "asmFishW_2018-04-08_bmi2"]
[BlackEngine "Cryptic Heroes 9.4B"]
[EventType "Swiss"]
[WhiteTeam ""]
[BlackTeam ""]
[PlyCount "203"]
[TimeControl "720+1"]

1. c4 Nf6 2. Nf3 g6 3. Nc3 Bg7 4. e4 c5 5. d4 cxd4 6. Nxd4 Nc6 7. Be3 Ng4 
8. Qxg4 Nxd4 9. Qd1 e5 10. Bd3 O-O 11. Bxd4 exd4 12. Nd5 d6 13. O-O Be6 
14. Qd2 Rb8 15. Rae1 Re8 16. f4 a6 17. Nb4 Rc8 18. Rc1 Bh6 19. a3 Qh4 
20. Nd5 Bg7 21. Nb4 Kh8 22. Nd5 Kg8 23. g3 Qh5 24. Rfe1 Qg4 25. Nb6 Rc6 
26. Nd5 Rcc8 27. Qf2 b5 28. Nb6 Rb8 29. Nd5 Rbc8 30. Be2 Qh3 31. cxb5 Bxd5 
32. exd5 Rxc1 33. Rxc1 d3 34. Bxd3 Qh5 35. b3 axb5 36. Re1 Rxe1+ 37. Qxe1 Bb2 
38. Qe8+ Kg7 39. Qxb5 Qd1+ 40. Kg2 Bxa3 41. Be2 Qe1 42. Kh3 Bc5 43. Qc4 Qf2 
44. Qd3 Kf8 45. Qf3 Qd4 46. Bf1 Kg7 47. Be2 Qa1 48. Bc4 Qb2 49. Qe2 Qb1 
50. Qf3 Qc2 51. Qd3 Qc1 52. Qf3 Qd2 53. Qe2 Qd4 54. Qe8 Qd1 55. Qe2 Qc1 
56. Qg4 Qe3 57. Qe2 Qc3 58. Kg2 Qd4 59. Kh3 Kg8 60. Kg4 Bb4 61. Qe8+ Kg7 
62. Kh3 Bc5 63. Qe2 Qc3 64. Qd3 Qc1 65. Qf3 Qb2 66. Qe4 Kg8 67. Qe2 Qd4 
68. Qc2 Kg7 69. Qd3 Qb2 70. Qf1 Qc3 71. Qd1 Qe3 72. Bd3 Qd4 73. Qf3 Kg8 
74. Kg2 Qg1+ 75. Kh3 Qd4 76. Bc4 Qg1 77. Qe4 Qd1 78. Qe8+ Kg7 79. Qe2 Qc1 
80. Qd3 Qe1 81. Kg4 Qf2 82. Kh3 Kh8 83. Qe4 Kg8 84. Qd3 Kh8 85. Qe4 Kg7 
86. Be2 Qe1 87. Qf3 Qc1 88. Kg4 Qb1 89. f5 Bd4 90. fxg6 hxg6 91. h4 Be5 
92. h5 gxh5+ 93. Kxh5 Qe1 94. Kh4 Kf8 95. Kh3 Ke7 96. b4 Qxb4 97. Bd3 f6 
98. Qg4 Qxg4+ 99. Kxg4 Kf7 100. Kf3 Ke7 101. g4 Ke8 102. Bf5 1/2-1/2

[Event "Monday 30 April Rapid Engine Tour 12+1 Rounds 9 Starts 1600ST"]
[Site "Infinity Chess"]
[Date "2018.4.30"]
[Round "9"]
[White "HerzsjeMZ"]
[Black "xeonrocks"]
[Result "1/2-1/2"]
[ECO "C50"]
[WhiteElo "2468"]
[BlackElo "2507"]
[WhiteEngine "SugaR.XPrO.1.4.64.POCNT"]
[BlackEngine "Stockfish_x64_bmi2_CTG"]
[EventType "Swiss"]
[WhiteTeam ""]
[BlackTeam ""]
[PlyCount "113"]
[TimeControl "720+1"]

1. e4 e5 2. Nf3 Nc6 3. Bc4 Bc5 4. O-O Nf6 5. d3 a5 6. c3 d6 7. h3 Ba7 8. Re1 O-O 
9. a4 h6 10. Na3 Ne7 11. d4 exd4 12. cxd4 c6 13. Bd3 d5 14. e5 Ne4 15. Nc2 Be6 
16. Bxe4 dxe4 17. Rxe4 Bd5 18. Re1 Ng6 19. Ra3 Re8 20. Nh2 c5 21. dxc5 Bxc5 
22. Rd3 Qb6 23. Rxd5 Bxf2+ 24. Kf1 Bxe1 25. Nxe1 Rxe5 26. Nhf3 Rxd5 27. Qxd5 Rd8 
28. Be3 Qa6+ 29. Qb5 Qxb5+ 30. axb5 Rd5 31. Nd4 a4 32. Nef3 f6 33. Ke2 Ne5 
34. Nd2 h5 35. Ne4 Nc4 36. Nc3 Re5 37. Nd1 Kf7 38. Kd3 Rc5 39. Bd2 Nxd2 
40. Kxd2 g6 41. Nf2 Rg5 42. g4 hxg4 43. hxg4 Ke7 44. Ke3 Re5+ 45. Kd3 f5 
46. gxf5 gxf5 47. Nd1 f4 48. Nc3 Kf6 49. Kc4 Re8 50. Nxa4 f3 51. Nxf3 Re4+ 
52. Kb3 Re3+ 53. Kc4 Rxf3 54. Nc5 b6 55. Nd7+ Kg7 56. Nxb6 Kf8 57. Nd5 1/2-1/2

[Event "Monday 30 April Rapid Engine Tour 12+1 Rounds 9 Starts 1600ST"]
[Site "Infinity Chess"]
[Date "2018.4.30"]
[Round "9"]
[White "ocirema"]
[Black "Susanne"]
[Result "0-1"]
[ECO "E15"]
[WhiteElo "2415"]
[BlackElo "2560"]
[WhiteEngine "asmFishW_9_popcnt"]
[BlackEngine "asmFishW_IX_bmi2_CTG"]
[EventType "Swiss"]
[WhiteTeam ""]
[BlackTeam ""]
[PlyCount "176"]
[TimeControl "720+1"]

1. d4 Nf6 2. c4 e6 3. Nf3 b6 4. g3 Be7 5. Bg2 Bb7 6. O-O O-O 7. Re1 d5 
8. cxd5 exd5 9. Nc3 Nbd7 10. Bf4 c5 11. h4 Ne4 12. Nd2 Nxc3 13. bxc3 Nf6 
14. Qb3 Rc8 15. a4 Bc6 16. Nf3 Bd7 17. Ne5 Be6 18. Qb5 Ne4 19. Rec1 Bxh4 
20. Bxe4 dxe4 21. gxh4 Qxh4 22. Bg3 Qg5 23. Rd1 h5 24. Kh1 Rfd8 25. d5 Bxd5 
26. Qa6 Be6 27. Rxd8+ Rxd8 28. Qxa7 e3 29. Qxb6 Rd2 30. Qb8+ Kh7 31. Nf3 Bd5 
32. Qf4 Qxf4 33. Bxf4 Rxe2 34. Bxe3 Bxf3+ 35. Kh2 Ba8 36. Rd1 f6 37. Rd7 Re1 
38. Bxc5 Kh6 39. Rd8 Bc6 40. Kg3 Rg1+ 41. Kf4 Rg4+ 42. Ke3 Re4+ 43. Kd2 Rxa4 
44. Ke3 Re4+ 45. Kd3 h4 46. f3 Ra4 47. Ke3 Ra5 48. Rh8+ Kg5 49. Bf8 Re5+ 
50. Kf2 Rf5 51. Bxg7 Rxf3+ 52. Ke2 Kg4 53. c4 h3 54. Bf8 Rc3 55. Bd6 Rxc4 
56. Rg8+ Kf5 57. Rh8 Rc3 58. Kd2 Rb3 59. Rb8 Rf3 60. Rh8 Bd7 61. Ke2 Rc3 
62. Kf2 Be6 63. Rh7 Kg6 64. Rh4 Kg5 65. Rd4 Rc2+ 66. Ke3 Bg4 67. Rd2 Rc3+ 
68. Rd3 Rc1 69. Rd5+ f5 70. Bf4+ Kh4 71. Rd2 Rf1 72. Rf2 Re1+ 73. Kd2 Ra1 
74. Kd3 Ra3+ 75. Kd2 Rg3 76. Rh2 Bf3 77. Bd6 Bg2 78. Bc5 f4 79. Bf2 Kg4 
80. Kd1 Ra3 81. Kd2 Ra2+ 82. Ke1 Kf3 83. Bh4 Ke3 84. Rxh3+ Bxh3 85. Kd1 f3 
86. Bg5+ Kd3 87. Be3 f2 88. Bxf2 Ra1# 0-1

[Event "Monday 30 April Rapid Engine Tour 12+1 Rounds 9 Starts 1600ST"]
[Site "Infinity Chess"]
[Date "2018.4.30"]
[Round "8"]
[White "IronMan"]
[Black "ocirema"]
[Result "1/2-1/2"]
[ECO "C55"]
[WhiteElo "2360"]
[BlackElo "2417"]
[WhiteEngine "Eman 1.70-beta23 64-bit POPCNT"]
[BlackEngine "asmFishW_9_popcnt"]
[EventType "Swiss"]
[WhiteTeam ""]
[BlackTeam ""]
[PlyCount "83"]
[TimeControl "720+1"]

1. e4 e5 2. Nf3 Nc6 3. Bc4 Nf6 4. d3 Bc5 5. c3 d6 6. O-O a5 7. Bg5 Ba7 8. Na3 h6 
9. Bh4 g5 10. Bg3 O-O 11. Re1 g4 12. Bh4 gxf3 13. Qxf3 Kg7 14. Qg3+ Kh7 
15. Qf3 Kg7 16. Rad1 a4 17. h3 Rg8 18. Bb5 Nb8 19. d4 Qe7 20. Nc4 c6 
21. dxe5 dxe5 22. Bxa4 b5 23. Nd6 bxa4 24. Nxc8 Rxc8 25. Bxf6+ Qxf6 26. Qg4+ Kh7 
27. Qxc8 Bxf2+ 28. Kh1 Bxe1 29. Rxe1 a3 30. b3 Ra7 31. Qxb8 Rd7 32. Kg1 Rd2 
33. Rf1 Qg7 34. g4 Rxa2 35. Qe8 f6 36. Qe6 Rb2 37. Rxf6 a2 38. Qf5+ Kg8 
39. Qe6+ Kh7 40. Qf5+ Kg8 41. Qc8+ Kh7 42. Qf5+ 1/2-1/2

[Event "Monday 30 April Rapid Engine Tour 12+1 Rounds 9 Starts 1600ST"]
[Site "Infinity Chess"]
[Date "2018.4.30"]
[Round "8"]
[White "Medusa"]
[Black "Gilgamesch"]
[Result "1/2-1/2"]
[ECO "B92"]
[WhiteElo "2433"]
[BlackElo "2502"]
[WhiteEngine "Eman 1.70-beta23 64-bit BMI2"]
[BlackEngine "BrainFish_180408_x64_bmi2"]
[EventType "Swiss"]
[WhiteTeam ""]
[BlackTeam ""]
[PlyCount "133"]
[TimeControl "720+1"]

1. e4 c5 2. Nf3 d6 3. d4 cxd4 4. Nxd4 Nf6 5. Nc3 a6 6. Be2 e5 7. Nb3 Be6 
8. O-O Be7 9. Bf3 Qc7 10. a4 Nbd7 11. Re1 O-O 12. Nd2 Qc5 13. Nb3 Qc7 
14. Nd2 Nb8 15. Nf1 Nc6 16. Be3 Na5 17. Bc1 Rac8 18. Ne3 Bd8 19. Ra3 Qd7 
20. Ncd5 Nc4 21. Nxc4 Rxc4 22. Nxf6+ Bxf6 23. b3 Rd4 24. Qe2 d5 25. Bb2 dxe4 
26. Bxe4 Rd6 27. Raa1 Rd8 28. h3 h6 29. Bc3 Bf5 30. Qf3 Bxe4 31. Rxe4 Qc6 
32. Rae1 Re6 33. Rc4 Qxf3 34. gxf3 Rd5 35. Kg2 Bg5 36. Rc8+ Kh7 37. Rc7 f6 
38. Bb4 b6 39. Bf8 Re8 40. Bb4 a5 41. Ba3 Re6 42. Rc4 f5 43. h4 Bd8 44. h5 g6 
45. hxg6+ Kxg6 46. Kf1 h5 47. Kg2 Rd7 48. Bc1 Rc7 49. Rxc7 Bxc7 50. f4 e4 
51. Rg1 Rc6 52. Kf1+ Kf7 53. Rg5 Rxc2 54. Be3 Ke6 55. Rxh5 Rc3 56. Rh6+ Kd5 
57. Bxb6 Bxf4 58. Rf6 Rc1+ 59. Ke2 Rc2+ 60. Ke1 Ke5 61. Rg6 Rc1+ 62. Ke2 Kd5 
63. Bxa5 Rc2+ 64. Ke1 Rc1+ 65. Ke2 Rc2+ 66. Ke1 Rc1+ 67. Ke2 1/2-1/2

[Event "Monday 30 April Rapid Engine Tour 12+1 Rounds 9 Starts 1600ST"]
[Site "Infinity Chess"]
[Date "2018.4.30"]
[Round "8"]
[White "hafaba"]
[Black "xeonrocks"]
[Result "1/2-1/2"]
[ECO "D02"]
[WhiteElo "2417"]
[BlackElo "2511"]
[WhiteEngine "Eman 1.70-beta21 64-bit POPCNT_CTG"]
[BlackEngine "Stockfish_x64_bmi2_CTG"]
[EventType "Swiss"]
[WhiteTeam ""]
[BlackTeam ""]
[PlyCount "191"]
[TimeControl "720+1"]

1. d4 d5 2. Nf3 Nf6 3. c4 e6 4. g3 Bb4+ 5. Bd2 Be7 6. Bg2 c6 7. Qc2 O-O 
8. O-O b6 9. Rd1 Nbd7 10. Bf4 Bb7 11. Nc3 dxc4 12. Nd2 Nd5 13. Nxc4 Nxf4 
14. gxf4 Qc7 15. e3 Rad8 16. Rac1 c5 17. d5 exd5 18. Nxd5 Bxd5 19. Rxd5 b5 
20. Ne5 Nxe5 21. Rxe5 a6 22. a4 Rb8 23. Qe4 Bd6 24. Rd5 Rfe8 25. Qd3 Red8 
26. axb5 axb5 27. b3 Be7 28. Rxd8+ Bxd8 29. Qe4 Be7 30. Bf3 Qa7 31. Be2 c4 
32. bxc4 b4 33. c5 Bxc5 34. Bd3 g6 35. Qe5 Rc8 36. Qd5 Qe7 37. Bf1 Rc7 
38. Kg2 Kg7 39. Be2 Bd6 40. Rxc7 Bxc7 41. Bc4 Bd8 42. Bb3 f5 43. Qe5+ Qf6 
44. Bd5 Be7 45. Qb8 Qh4 46. h3 Qf6 47. Qa7 Kh6 48. Qc7 Qd6 49. Qb7 Qf6 
50. Bb3 Bc5 51. Bg8 Qe7 52. Qa8 Kg7 53. Bd5 Kh6 54. Qa4 Qc7 55. Qa8 Qa7 
56. Qc6 Be7 57. Qe6 Bh4 58. Qd6 Be7 59. Qe5 Bh4 60. Qh8 Be7 61. Qe8 Bd6 
62. Kg3 Qe7 63. Qc8 Qg5+ 64. Kh2 Qe7 65. Kg1 Qg7 66. Kf1 Qa1+ 67. Kg2 Be7 
68. Qd7 Qf6 69. Qc8 Qb2 70. Qg8 Qf6 71. Bf3 Qh4 72. Bd5 Bc5 73. Qb8 Qf6 
74. Qe8 Qg7 75. Qe6 Qf8 76. Bf3 Qd6 77. Qb3 Qf6 78. Qd5 Qc3 79. Bd1 Be7 
80. Qf7 Qf6 81. Qg8 Qb6 82. Qb3 Qd6 83. Bf3 Bf6 84. Qg8 Bh4 85. Be2 Qc6+ 
86. Bf3 Qc5 87. Bd5 Bf6 88. Bf3 Qd6 89. Qc4 Qb6 90. Qb3 Bh4 91. Kg1 Qc5 
92. Qg8 Qd6 93. Kf1 Bf6 94. Qf7 Qd3+ 95. Kg2 Qd6 96. Kg1 1/2-1/2

[Event "Monday 30 April Rapid Engine Tour 12+1 Rounds 9 Starts 1600ST"]
[Site "Infinity Chess"]
[Date "2018.4.30"]
[Round "8"]
[White "angriff"]
[Black "Thor"]
[Result "1/2-1/2"]
[ECO "C77"]
[WhiteElo "2456"]
[BlackElo "2461"]
[WhiteEngine "DracoREX 3.07 64BIT POPCNT_CTG"]
[BlackEngine "asmFishW_2018-04-08_bmi2"]
[EventType "Swiss"]
[WhiteTeam ""]
[BlackTeam ""]
[PlyCount "165"]
[TimeControl "720+1"]

1. e4 e5 2. Nf3 Nc6 3. Bb5 a6 4. Ba4 Nf6 5. O-O Be7 6. Re1 b5 7. Bb3 O-O 
8. c3 d5 9. exd5 Nxd5 10. Nxe5 Nxe5 11. Rxe5 c6 12. d4 Bd6 13. Re1 Qh4 
14. g3 Qh3 15. Be3 Bg4 16. Qd3 Rae8 17. Nd2 Re6 18. a4 Qh5 19. axb5 axb5 
20. Nf1 Bf5 21. Qd2 Bh3 22. Bd1 Qg6 23. Bf3 Qf5 24. Qd1 h5 25. Ra6 Bb8 
26. Be2 Qe4 27. Bf3 Qf5 28. Bh1 h4 29. Bd2 Rf6 30. Qe2 Re6 31. Qf3 Rxe1 
32. Bxe1 Bf4 33. Ne3 Qb1 34. Qd1 Qxd1 35. Nxd1 Re8 36. Ne3 Bxe3 37. fxe3 Rxe3 
38. Bf2 Re2 39. Rxc6 Nf6 40. gxh4 Rxb2 41. Be1 Rb1 42. Kf2 Ng4+ 43. Ke2 Rb2+ 
44. Bd2 Nxh2 45. Kd1 Rb1+ 46. Bc1 Bg4+ 47. Kc2 Bf5+ 48. Kd1 b4 49. cxb4 Rxb4 
50. Rd6 Ng4 51. Bf3 Nf6 52. Ke2 Rb1 53. Bg5 Ne4 54. Rd8+ Kh7 55. Bxe4 Bxe4 
56. d5 Bf5 57. d6 f6 58. Be3 Rb5 59. Re8 Kg6 60. Kf2 Rd5 61. Bf4 Rd4 
62. Ke3 Rd3+ 63. Ke2 Rd4 64. Kf3 Kh5 65. Re7 Rd3+ 66. Kf2 Kg4 67. Be3 g6 
68. d7 Bxd7 69. Re4+ Kh5 70. Kg3 Rd6 71. Re7 g5 72. hxg5 fxg5 73. Re5 Rf6 
74. Rd5 Bf5 75. Re5 Kg6 76. Kf2 Bd7+ 77. Kg3 Bf5 78. Bc1 Rf7 79. Re8 g4 
80. Be3 Rh7 81. Rg8+ Kf7 82. Rxg4 Bxg4 83. Kxg4 1/2-1/2

[Event "Monday 30 April Rapid Engine Tour 12+1 Rounds 9 Starts 1600ST"]
[Site "Infinity Chess"]
[Date "2018.4.30"]
[Round "8"]
[White "star99"]
[Black "coreoptimist"]
[Result "1/2-1/2"]
[ECO "A46"]
[WhiteElo "2444"]
[BlackElo "2393"]
[WhiteEngine "Cryptic Heroes 9.4B"]
[BlackEngine "asmFishW_2018-04-25_bmi2_CTG"]
[EventType "Swiss"]
[WhiteTeam ""]
[BlackTeam ""]
[PlyCount "214"]
[TimeControl "720+1"]

1. d4 Nf6 2. Nf3 d5 3. c4 e6 4. Nc3 c6 5. e3 Nbd7 6. h3 Bd6 7. Be2 O-O 
8. O-O dxc4 9. Bxc4 b5 10. Bd3 b4 11. Ne4 Nxe4 12. Bxe4 Bb7 13. Nd2 Ba6 
14. Re1 Rc8 15. a3 Bb5 16. Nf3 Nf6 17. Bc2 bxa3 18. bxa3 c5 19. e4 Be7 
20. Rb1 Bc6 21. Qd3 Ba8 22. Bd2 g6 23. Bh6 cxd4 24. Bxf8 Bxf8 25. Rbd1 Bc5 
26. Bb1 Bb7 27. Qb5 Qe7 28. Nxd4 Bxa3 29. Re2 Bc5 30. Nf3 Kg7 31. Qb2 a5 
32. Qa1 Bb4 33. Rc2 Rxc2 34. Bxc2 Qc5 35. Rc1 Bc3 36. Bd3 Nxe4 37. Bxe4 Bxa1 
38. Rxc5 Bxe4 39. Rxa5 Bf6 40. Nd2 Bd5 41. Nf1 h5 42. Ne3 Be4 43. Nc4 Bd5 
44. Ne3 Be4 45. f3 Bc6 46. Ra6 Bd7 47. Kf2 g5 48. Ra7 Bb5 49. Rb7 Ba6 
50. Rb6 Bd3 51. Ke1 Bd8 52. Rc6 Ba5+ 53. Kf2 h4 54. Rc5 Bd8 55. Rc3 Ba6 
56. Rc2 Kg6 57. Rc1 Bb7 58. Ra1 Bc7 59. Ra7 Bg3+ 60. Ke2 Bc6 61. Kd3 f5 
62. Ra5 Be8 63. Ra7 Kf6 64. Rb7 Bc6 65. Rb6 Bd7 66. Rb7 Bc6 67. Rb6 Bd7 
68. Rb3 Bc6 69. Kd4 Bf2 70. Rb2 Bg1 71. Rb6 Bd7 72. Rb1 Bf2 73. Rb2 Bg1 
74. Rb7 Bc6 75. Rb6 Bd7 76. Rb1 Bf2 77. Kd3 Bc6 78. Ke2 Bg3 79. Rb6 Ba4 
80. Kd2 Ke5 81. Nc2 Bf2 82. Ne3 Bg3 83. Ra6 Bd7 84. Ra7 Be8 85. Ra8 Bc6 
86. Ra6 Bd7 87. Ra7 Be8 88. Nc2 Bf2 89. Ra8 Bd7 90. Ke2 Bg1 91. Rb8 Kf4 
92. Kf1 Bc5 93. Ne1 Kg3 94. Nd3 Be3 95. Ke2 Bg1 96. Kf1 Be3 97. Ke2 Bg1 
98. f4 g4 99. hxg4 fxg4 100. Ne5 Kxg2 101. Nxd7 h3 102. Rg8 g3 103. Ne5 Be3 
104. f5 exf5 105. Kxe3 h2 106. Kf4 h1=Q 107. Rxg3+ Kf1 1/2-1/2

[Event "Monday 30 April Rapid Engine Tour 12+1 Rounds 9 Starts 1600ST"]
[Site "Infinity Chess"]
[Date "2018.4.30"]
[Round "8"]
[White "Susanne"]
[Black "HerzsjeMZ"]
[Result "1/2-1/2"]
[ECO "C53"]
[WhiteElo "2564"]
[BlackElo "2464"]
[WhiteEngine "asmFishW_IX_bmi2_CTG"]
[BlackEngine "SugaR.XPrO.1.4.64.POCNT"]
[EventType "Swiss"]
[WhiteTeam ""]
[BlackTeam ""]
[PlyCount "136"]
[TimeControl "720+1"]

1. e4 e5 2. Nf3 Nc6 3. Bc4 Bc5 4. c3 Nf6 5. d3 d6 6. O-O O-O 7. Re1 a5 8. Bg5 h6 
9. Bh4 g5 10. Bg3 g4 11. Bh4 gxf3 12. Qxf3 Kg7 13. Nd2 Be6 14. Rad1 Bxc4 
15. Nxc4 Qe7 16. d4 exd4 17. Qg3+ Kh7 18. Qf4 Qe6 19. Bxf6 dxc3 20. Bxc3 f5 
21. e5 d5 22. Nd2 Rad8 23. Nb3 b6 24. Rd3 Rg8 25. Rf3 Rdf8 26. Bd2 Rg6 
27. Rg3 Rfg8 28. Nxc5 bxc5 29. h3 R8g7 30. Kh1 c4 31. b3 Nb4 32. Rxg6 Rxg6 
33. Qf3 Nd3 34. Re2 a4 35. bxc4 dxc4 36. a3 Nc5 37. Kh2 Ne4 38. Bf4 Nc5 
39. Be3 Ne4 40. Qf4 Qd5 41. Re1 Nc5 42. Rg1 Nd3 43. Qxf5 Qxe5+ 44. Qxe5 Nxe5 
45. Rc1 Rc6 46. Rc2 Kg6 47. g4 Nf7 48. f4 Nd6 49. f5+ Kg7 50. Kg3 Nb5 51. Kf4 c3 
52. Ke4 Kf7 53. Bc1 Rd6 54. Be3 Rc6 55. Bc1 Rd6 56. Ke5 Rd3 57. h4 Rd4 
58. g5 Rxh4 59. gxh6 Rh1 60. Bf4 Nxa3 61. Rxc3 Nb5 62. Rc1 Rxc1 63. Bxc1 Nd6 
64. f6 Kg8 65. Ke6 Kh7 66. f7 Nxf7 67. Kxf7 a3 68. Bxa3 Kxh6 1/2-1/2